Map: [ESL] Data-C

Players

Neeb - Winner!

  • Race: Protoss Protoss
  • Spawn Location: 9:00

Ukko

  • Race: Zerg Zerg
  • Spawn Location: 3:00

Event: DreamHack SC2 Masters 2022 Atlanta (Online)

VOD

Have the link to the VOD?

Description

Time

  • Played on: Oct. 6, 2022, 5:37 p.m.
  • Length: 7:56

All games in this series

Show
View Real Time Build Order
Export as new Build Order

Neeb Protoss - Winner!

Build Orders: 1 Gate Expand, Oracle Opening 

Get SALT Encoding   

  12  0:00  Probe  
  13  0:12  Probe  
  14  0:18  Pylon  
  14  0:24  Probe  
  15  0:37  Probe (Chrono Boost)  
  15  0:39  Gateway  
  16  0:47  Probe (Chrono Boost)  
  16  0:49  Assimilator  
  17  0:52  Probe (Chrono Boost)  
  18  1:04  Probe  
  19  1:16  Probe  
  20  1:25  Nexus  
  20  1:35  Cybernetics Core  
  20  1:38  Probe  
  21  1:45  Assimilator  
  21  1:50  Probe  
  21  1:53  Pylon  
  22  2:02  Probe (Chrono Boost)  
  23  2:10  Adept (Chrono Boost)  
  23  2:13  Probe (Chrono Boost)  
  26  2:18  Probe (Chrono Boost)  
  26  2:22  Stargate  
  27  2:29  Probe  
  28  2:30  Pylon  
  28  2:32  Adept (Chrono Boost)  
  30  2:37  Warp Gate, Probe  
  30  2:41  Probe  
  32  2:49  Probe  
  33  2:53  Probe  
  33  2:54  Adept  
  36  3:02  Probe  
  36  3:05  Probe  
  38  3:06  Oracle (Chrono Boost)  
  38  3:12  Pylon  
  41  3:14  Probe  
  41  3:17  Probe  
  43  3:26  Probe  
  44  3:29  Probe  
  45  3:35  Oracle (Chrono Boost)  
  45  3:38  Probe  
  45  3:39  Gateway  
  49  3:41  Probe  
  50  3:50  Probe  
  50  3:53  Probe  
  50  3:55  Pylon  
  52  3:58  Nexus  
  52  4:02  Probe  
  53  4:07  Probe  
  53  4:09  Pylon  
  54  4:13  Oracle  
  54  4:14  Probe  
  58  4:17  Assimilator x2  
  58  4:19  Probe  
  59  4:26  Probe  
  60  4:33  Probe (Chrono Boost)  
  60  4:35  Stalker  
  60  4:37  Forge  
  63  4:38  Probe (Chrono Boost)  
  63  4:39  Twilight Council  
  65  4:49  Probe x2 (Chrono Boost)  
  65  4:51  Pylon  
  66  4:54  Probe (Chrono Boost)  
  66  4:56  Probe  
  68  5:02  Stalker  
  68  5:03  Blink (Chrono Boost)  
  68  5:05  Pylon  
  68  5:06  Pylon  
  70  5:08  Shield Battery  
  70  5:10  Protoss Ground Weapons Level 1 (Chrono Boost)  
  70  5:13  Probe x2 (Chrono Boost)  
  73  5:16  Probe (Chrono Boost)  
  74  5:22  Probe (Chrono Boost)  
  74  5:24  Probe (Chrono Boost)  
  74  5:25  Probe (Chrono Boost)  
  74  5:27  Probe (Chrono Boost)  
  76  5:33  Probe  
  76  5:35  Probe  
  79  5:39  Probe  
  79  5:40  Gateway  
  79  5:41  Gateway  
  80  5:45  Probe  
  80  5:47  Probe  
  80  5:48  Gateway  
  78  5:50  Gateway  
  78  5:55  Gateway, Stalker x2  
  82  5:58  Gateway  
  82  6:01  Pylon  
  82  6:16  Probe  
  83  6:19  Probe  
  83  6:20  Probe  
  83  6:22  Nexus  
  83  6:24  Gateway  
  83  6:25  Pylon  
  85  6:28  Stalker x2  
  85  6:30  Probe  
  85  6:32  Probe  
  91  6:34  Probe  
  90  6:42  Probe  
  90  6:43  Pylon  
  90  6:45  Probe  
  92  6:48  Stalker x3  
  92  6:49  Stalker, Assimilator  
  92  6:50  Pylon  
  92  6:52  Pylon  
  100  6:55  Stalker x2  
  100  6:56  Stalker  
  100  6:57  Assimilator  
  106  7:01  Photon Cannon  
  106  7:04  Shield Battery, Pylon  
  106  7:14  Probe  
  107  7:16  Stalker x4  
  107  7:20  Stalker x3  
  107  7:21  Probe  
  122  7:25  Probe  
  122  7:27  Probe  
  124  7:34  Robotics Facility, Templar Archives  
  124  7:35  Probe  
  125  7:40  Probe  
  125  7:42  Stalker  
  125  7:43  Probe  
  129  7:46  Assimilator  
  129  7:47  Assimilator  
Show
View Real Time Build Order
Export as new Build Order

Ukko Zerg 

Build Orders: Hatch First 

Get SALT Encoding   

  12  0:00  Drone  
  13  0:12  Overlord  
  13  0:20  Drone  
  14  0:31  Drone x2  
  16  0:50  Hatchery  
  16  0:53  Drone  
  16  0:56  Drone  
  17  0:59  Drone  
  18  1:11  Extractor  
  17  1:15  Spawning Pool  
  17  1:18  Drone  
  17  1:20  Drone  
  18  1:32  Drone  
  19  1:46  Drone  
  20  1:53  Drone  
  21  2:02  Queen x2  
  21  2:03  Zergling x4  
  27  2:11  Overlord  
  27  2:14  Drone  
  27  2:15  Metabolic Boost  
  28  2:36  Hatchery  
  27  2:41  Drone x2  
  29  2:44  Drone  
  29  2:46  Drone  
  31  2:53  Queen  
  33  2:58  Overlord  
  33  3:01  Zergling x2  
  33  3:03  Zergling x2  
  35  3:06  Zergling x2  
  36  3:16  Queen  
  36  3:17  Zergling x2  
  39  3:26  Evolution Chamber  
  37  3:29  Drone x3  
  37  3:30  Drone  
  37  3:33  Drone x2  
  43  3:38  Drone  
  43  3:40  Overlord  
  43  3:44  Overlord  
  43  3:52  Queen  
  43  3:54  Drone x2  
  47  3:57  Drone x2  
  47  4:00  Drone  
  47  4:02  Overlord  
  50  4:06  Zergling x2  
  50  4:07  Drone  
  50  4:09  Spore Crawler  
  51  4:12  Spore Crawler  
  51  4:13  Drone  
  51  4:16  Drone  
  52  4:19  Spore Crawler  
  51  4:27  Drone x4  
  51  4:30  Spore Crawler  
  50  4:34  Drone x2  
  50  4:37  Drone x2  
  55  4:41  Evolution Chamber  
  55  4:44  Drone  
  55  4:47  Drone x2  
  55  4:49  Drone  
  55  4:50  Drone  
  59  4:56  Drone x4  
  59  4:58  Overlord  
  63  5:06  Overlord  
  66  5:07  Drone x3  
  66  5:09  Zerg Melee Weapons Level 1  
  66  5:13  Overlord  
  66  5:17  Drone  
  66  5:18  Drone  
  68  5:22  Hatchery  
  64  5:36  Drone x6  
  64  5:37  Zergling x6  
  72  5:47  Zergling x12  
  77  5:54  Lair  
  77  5:58  Extractor  
  77  5:59  Baneling Nest  
  77  6:01  Zergling x8  
  79  6:04  Overlord  
  79  6:10  Drone x5  
  78  6:12  Drone  
  78  6:14  Drone x2  
  81  6:19  Drone  
  81  6:21  Drone  
  83  6:32  Drone x11  
  92  6:36  Drone  
  90  6:41  Extractor  
  90  6:43  Overlord x2  
  90  6:46  Drone x2  
  91  6:50  Zergling x4  
  91  6:54  Hydralisk Den, Hatchery  
  92  6:58  Spore Crawler  
  92  7:00  Zergling x14  
  97  7:05  Drone x4  
  98  7:10  Overlord x2  
  98  7:11  Drone x2  
  96  7:22  Drone x4  
  99  7:28  Zergling x14  
  104  7:36  Zergling x12  
Tags
 
Add a new tag
Caveats
  • Supply blocks, unpowered buildings, or Contaminate may cause inaccurate times.
  • Supply counts are checked every 10 seconds.